[Event "*** Titled Tuesday Blitz"]
[Site "Chess.com"]
[Date "2019.08.06"]
[Round "1"]
[White "Zubrrr"]
[Black "Manukyan_Artak"]
[Result "1-0"]
[WhiteElo "2730"]
[BlackElo "2380"]
[TimeControl "180+2"]
[EndTime "13:09:56 PDT"]
[Termination "Zubrrr won by resignation"]

1. c4 e6 2. g3 c5 3. Bg2 Nc6 4.
Nf3 Nf6 5. O-O d5 6. cxd5 Nxd5 7. Nc3 Nxc3 8. bxc3 Be7 9. Rb1 O-O 10. Qc2 b6 11. Ne5 Nxe5 12. Bxa8 Ba6 13. Qe4 Bd6 14. Bb7 f5 15.
Qg2 Bxe2 16. d4 Bxf1 17. Qxf1 cxd4 18. cxd4 Nf7 19. Qc4 Qc7 20. Ba6 Qxc4 21. Bxc4 Re8 22.
Bb2 Kf8 23. Re1 Nd8 24. f4 Re7 25. Bb3 g6 26. Kg2 Rc7 27. Kf3 Ke7 28. d5 Bb4 29.
Re3 Bc5 30. Re2 Rd7 31. Bc4 b5 32. dxe6 Rd6 33. Bf6+ Kxf6 34. e7 Rd3+ 35. Bxd3 Bxe7 36. Bxb5 Ne6 37. Rd2 Bc5 38. Bc4 Nd4+ 39. Kg2 g5 40. Rd1 gxf4 41. gxf4 a5 42. Rb1 Bb4 43. Kg3 Nc2 44.
Bd3 Nd4 45. Rc1 h5 46. Kh4 Nf3+ 47. Kxh5 Nxh2 48. Rc6+ Ke7 49. Bxf5 Nf3 50. Re6+ Kf7 51. Re3 Nd4 52. Bg4 Kf6 53. Re4 Nf5 54. Re5 Ng7+ 55.
Kh4 Bd6 56. Rxa5 Bxf4 57. Rd5 Bg5+ 58. Rxg5 1-0

[Event "*** Titled Tuesday Blitz"]
[Site "Chess.com"]
[Date "2019.08.06"]
[Round "1"]
[White "tigra"]
[Black "tbalabayev"]
[Result "1-0"]
[WhiteElo "2714"]
[BlackElo "2365"]
[TimeControl "180+2"]
[EndTime "13:09:56 PDT"]
[Termination "tigra won by checkmate"]

1. e4 c5 2. Nf3 Nc6 3. Nc3 e5 4.
a3 d6 5. b4 Be7 6. Nd5 Nf6 7. Nxe7 Qxe7 8. bxc5 dxc5 9. d3 Bg4 10.
Be2 Bxf3 11. Bxf3 O-O 12. c3 Rad8 13. Qe2 Qd6 14. Be3 b6 15. Rd1 Rd7 16. Qa2 Rfd8 17. Be2 Nxe4 18. Qb2 Nf6 19. O-O Nd5 20. Bf3 Nxe3 21.
fxe3 g6 22. a4 f5 23. h4 Qe6 24. Qb5 Ne7 25. a5 Nd5 26. Qc4 Rd6 27. axb6 axb6 28.
Rfe1 Nc7 29. Rb1 Qxc4 30. dxc4 e4 31. Bd1 Ne8 32. g4 Nf6 33. g5 Nd7 34. Kf2 Ne5 35.
Kg3 Nd3 36. Rf1 Ne5 37. Be2 Kg7 38. Kf4 Nd7 39. Ra1 Nf8 40. Ra7+ Kg8 41. Re7 Rd2 42.
Re1 R8d7 43. Re8 Kf7 44. Rb8 Rb2 45. h5 Rdd2 46. Ke5 Rxe2 47. Rb7+ Kg8 48. Kf6 Rxe1 49. Rg7+ Kh8 50. Kf7 h6 51. Rg8+ Kh7 52. Rg7+ Kh8 53.
Kxf8 hxg5 54. hxg6 Rd1 55. Rg8# 1-0

[Event "*** Titled Tuesday Blitz"]
[Site "Chess.com"]
[Date "2019.08.06"]
[Round "1"]
[White "amintabatabaei"]
[Black "jposthuma"]
[Result "1-0"]
[WhiteElo "2902"]
[BlackElo "2467"]
[TimeControl "180+2"]
[EndTime "13:10:01 PDT"]
[Termination "amintabatabaei won by checkmate"]

1. Nf3 Nf6 2. c4 c5 3. Nc3 Nc6 4. e3 g6 5. d4 cxd4 6. exd4 d5 7. cxd5 Nxd5 8. Qb3 Nxc3 9. Bc4 e6 10. bxc3 Na5 11.
Bb5+ Bd7 12. Qa4 Nc6 13. Qd1 Qa5 14. a4 a6 15. Be2 Bg7 16. O-O O-O 17. Ba3 Rfc8 18.
Qb3 Qc7 19. Bc5 Na5 20. Qb4 b5 21. axb5 axb5 22. Bxb5 Nb7 23. Ba6 Rcb8 24. Bxb7 Rxa1 25.
Rxa1 Rxb7 26. Qa3 h6 27. h3 Bc6 28. Nd2 Bd5 29. Bb4 Qf4 30. Nf1 Qe4 31. Ne3 f5 32. Nxd5 Qxd5 33. Re1 Kh7 34. Bc5 e5 35. dxe5 Bxe5 36.
Bb4 Rc7 37. Qa6 Bg7 38. Qe2 Qc4 39. Qd2 h5 40. Qd6 Bxc3 41. Bxc3 Qxc3 42. Re6 Rg7 43.
h4 Qc1+ 44. Kh2 Qc8 45. Rf6 Qe8 46. Rf8 Qe7 47. Qb8 Qxh4+ 48. Kg1 Kh6 49. Rh8+ Kg5 50. Qd8+ Kg4 51. Qd4+ Kg5 52. Qxg7 Qe4 53. Qc7 Qe1+ 54. Kh2 Qxf2 55. Qg3+ Qxg3+ 56. Kxg3 f4+ 57. Kf3 Kh4 58.
Ra8 g5 59. Ra1 g4+ 60. Kxf4 g3 61. Rh1# 1-0

[Event "*** Titled Tuesday Blitz"]
[Site "Chess.com"]
[Date "2019.08.06"]
[Round "1"]
[White "FedaMaster"]
[Black "Karina_Ivanova"]
[Result "1-0"]
[WhiteElo "2572"]
[BlackElo "2155"]
[TimeControl "180+2"]
[EndTime "13:10:05 PDT"]
[Termination "FedaMaster won by checkmate"]

1. e4 c6 2. d4 d5 3. Nc3 dxe4 4. Nxe4 Nf6 5. Ng5 Bf5 6. Bd3 Bxd3 7. Qxd3 e6 8. N1f3 Nbd7 9. Bd2 Bd6 10. O-O-O h6 11.
Nxe6 fxe6 12. Qg6+ Kf8 13. Rhe1 Qe7 14. Re2 Re8 15.
Rde1 Qf7 16. Qd3 g6 17. c4 Kg7 18. Bc3 Kh7 19. b3 Re7 20. Kb2 Rhe8 21. Ne5 Bxe5 22.
dxe5 Nh5 23. g3 Qf5 24. Qe3 b6 25. f3 Ng7 26. Rd2 Rf7 27. f4 Nc5 28. Bb4 g5 29. Bxc5 bxc5 30. Rf1 gxf4 31. Rxf4 Qg5 32. Rdf2 Rxf4 33. Rxf4 Qe7 34. Rf6 Nf5 35. Qf4 Qg7 36. g4 Nd4 37. Rf7 Kg8 38. Rxg7+ Kxg7 39. Qf6+ Kg8 40.
Qg6+ Kf8 41. Qxh6+ Ke7 42. Qg7+ Kd8 43. Qxa7 Rf8 44.
Qb6+ Kd7 45. Qa7+ Kd8 46. Qxc5 Rf2+ 47. Kc1 Ne2+ 48. Kd2 Nf4+ 49. Qxf2 Ng6 50. Qf6+ Kd7 51. Qxg6 c5 52. Qf7+ Kd8 53. Qxe6 Kc7 54. Qd6+ Kb7 55.
Qxc5 Ka6 56. Qb5+ Ka7 57. e6 Ka8 58. e7 Ka7 59. h3 Ka8 60. e8=Q+ Ka7 61. Qeb8# 1-0

[Event "*** Titled Tuesday Blitz"]
[Site "Chess.com"]
[Date "2019.08.06"]
[Round "1"]
[White "edgarrodrigues"]
[Black "KhazarBabazada"]
[Result "0-1"]
[WhiteElo "2430"]
[BlackElo "2837"]
[TimeControl "180+2"]
[EndTime "13:10:07 PDT"]
[Termination "KhazarBabazada won by resignation"]

1. e4 Nf6 2. e5 Nd5 3. d4 d6 4. Nf3 g6 5. Bc4 Nb6 6. Bb3 Bg7 7. O-O O-O 8. Qe2 Nc6 9. h3 a5 10. a4 dxe5 11. dxe5 Be6 12. Bxe6 fxe6 13. Re1 Rf5 14. Qb5 Nd4 15. Nxd4 Qxd4 16. Be3 Qxe5 17. Qb3 Nd5 18. Qxb7 Raf8 19. Nd2 Nxe3 20. Rxe3 Qxb2 21. Qxb2 Bxb2 22. Rf1 Bd4 23. Re2 Kf7 24. Ne4 Bb6 25. g4 Re5 26. Kg2 Rd8 27. f4 Red5 28. Ng5+ Ke8 29. Nxh7 Rd2 30. Re1 Rxe2+ 31. Rxe2 Rd4 32. Kf3 Rxa4 33. Rxe6 Ra3+ 34. Kg2 a4 35. Rxg6 Kd7 36. Nf8+ Kc8 37. Rc6 Ra1 38. g5 a3 39. Rc3 a2 40. Ra3 Rg1+ 41. Kf3 a1=Q 42. Rxa1 Rxa1 43.
h4 Rh1 44. Kg4 Kd8 45. h5 Ke8 46. Ne6 Kf7 47. Nd8+ Kg8 48. h6 Rd1 49. Ne6 Rd6 50. Kf5 Be3 51. Nxc7 Kf7 52. c4 Rc6 53. Nd5 e6+ 54. Ke4 Rxc4+ 55. Kxe3 exd5 56. f5 Rg4 57. g6+ Kf6 58. Kf3 Rg5 59. g7 Rxf5+ 60. Ke3 Rg5 61. Kd4 Kf7 0-1

[Event "*** Titled Tuesday Blitz"]
[Site "Chess.com"]
[Date "2019.08.06"]
[Round "1"]
[White "Caisachess"]
[Black "vinniethepooh"]
[Result "1/2-1/2"]
[WhiteElo "2319"]
[BlackElo "2645"]
[TimeControl "180+2"]
[EndTime "13:10:09 PDT"]
[Termination "Game drawn by agreement"]

1. e4 c5 2. c3 d5 3. exd5 Qxd5 4. d4 Nf6 5. Nf3 e6 6. Be3 Nc6 7. Bd3 Be7 8. O-O O-O 9. a3 Rd8 10. Qe2 e5 11. Bc4 Qe4 12. Ng5 Qh4 13. g3 Qg4 14. Qxg4 Nxg4 15. Nxf7 Rf8 16. Nxe5+ Kh8 17. Nxc6 bxc6 18.
Nd2 cxd4 19. Bxd4 c5 20. Be3 Bb7 21. Be6 Nxe3 22. fxe3 Bg5 23. Nc4 Rfe8 24. Bf7 Re7 25. h4 Bxe3+ 26. Nxe3 Rxe3 27. Kf2 Rf3+ 28. Ke2 Rxf1 29.
Rxf1 Ba6+ 30. c4 Rb8 31. Rb1 Rb3 32. Kf2 Rd3 33. Bd5 Rd4 34. Re1 g6 35. Re8+ Kg7 36.
Re7+ Kf6 37. Rxa7 Bxc4 38. Bxc4 Rxc4 39. Rb7 Rc2+ 40. Kf3 c4 41. a4 c3 42. bxc3 Rxc3+ 43. Kg2 Ra3 44. Ra7 h5 45. a5 g5 46. hxg5+ Kxg5 47. a6 Kg6 48. Ra8 Kg7 49. a7 Kh7 50.
Kh3 Ra4 51. Kg2 Ra3 52. Kf2 Kg7 53. Ke2 Kh7 54. Kd2 Kg7 55. Kc2 Kh7 56. Kb2 Ra5 57. Kb3 Ra1 58. Kc4 Kg7 59. Kd5 Kh7 60. Ke5 Kg7 61.
Kf5 Ra5+ 62. Kf4 Ra4+ 63. Kg5 1/2-1/2

[Event "*** Titled Tuesday Blitz"]
[Site "Chess.com"]
[Date "2019.08.06"]
[Round "1"]
[White "Ibraev_Vasilj"]
[Black "belisarius64"]
[Result "0-1"]
[WhiteElo "2281"]
[BlackElo "2639"]
[TimeControl "180+2"]
[EndTime "13:10:11 PDT"]
[Termination "belisarius64 won by resignation"]

1. d4 Nf6 2. Nf3 g6 3. c4 Bg7 4. Nc3 d5 5. Bg5 Ne4 6. cxd5 Nxg5 7. Nxg5 e6 8. Nf3 exd5 9. b4 O-O 10. e3 Re8 11.
Be2 c6 12. Qb3 Nd7 13. b5 c5 14. O-O c4 15. Qb2 Nf8 16. a4 Ne6 17. Rfd1 h5 18. Bf1 Qd6 19. Rac1 Bd7 20. e4 dxe4 21. Nxe4 Qf4 22.
Ng3 h4 23. Ne2 Qf6 24. Rxc4 h3 25. Ng3 hxg2 26. Bxg2 Nf4 27. Ne5 Be6 28. Rc7 Nxg2 29. Kxg2 Bd5+ 30. Kg1 Rxe5 31. dxe5 Qf3 32. Rxd5 Qxd5 33. Qc2 Bxe5 34. Rc8+ Rxc8 35. Qxc8+ Kg7 36. Qc2 Bd4 37. Ne2 Bb6 38. Qc3+ Kh7 39. Qh3+ Kg7 40. Qc3+ f6 41. Nf4 Qd1+ 42. Kg2 Qxa4 43. Qg3 Qe4+ 44. f3 Qc2+ 45. Kh3 g5 46. Nh5+ Kf7 47. Qg4 Qd1 48. Ng3 Qd3 49. Ne4 Qf1+ 50. Qg2 Qxg2+ 51. Kxg2 Ke6 52. Kg3 a5 53. bxa6 bxa6 54. Nc3 Bd4 55. Ne2 Be5+ 56. Kg4 a5 57. h4 gxh4 58. Kxh4 a4 59.
Kg4 Bb2 60. Nf4+ Kf7 61. Nd3 a3 62. Nb4 Ke6 63. Na2 Kd5 64. Kf5 Kc4 65. Ke4 Kb3 0-1

[Event "*** Titled Tuesday Blitz"]
[Site "Chess.com"]
[Date "2019.08.06"]
[Round "1"]
[White "playablecharacter"]
[Black "IMRosen"]
[Result "1/2-1/2"]
[WhiteElo "2229"]
[BlackElo "2600"]
[TimeControl "180+2"]
[EndTime "13:10:11 PDT"]
[Termination "Game drawn - insufficient material"]

1. d4 Nf6 2. c4 e6 3. Nc3 Bb4 4. Qc2 d5 5. cxd5 exd5 6. Bg5 h6 7.
Bxf6 Qxf6 8. a3 Bxc3+ 9. Qxc3 O-O 10. e3 c6 11. Nf3 Bf5 12. b4 Nd7 13. Be2 Nb6 14. O-O a6 15. a4 Nc8 16. b5 Nd6 17.
bxc6 Ne4 18. Qa5 bxc6 19. Rab1 Qd8 20. Qxd8 Rfxd8 21. Rb6 c5 22. Rxa6 c4 23. Rxa8 Rxa8 24. Ra1 Nc3 25. Kf1 Rxa4 26. Rxa4 Nxa4 27. Nh4 Be4 28.
f3 Bc2 29. e4 Nc3 30. exd5 g5 31. d6 Kf8 32. d7 Ke7 33. Bxc4 Kxd7 34. Bxf7 gxh4 35.
g3 Ke7 36. Bc4 h3 37. Ba6 Ba4 38. Kf2 Kf6 39. g4 Nd5 40. Kg3 Nc7 41. Bc4 Bd1 42.
f4 Kg6 43. d5 Ne8 44. Bd3+ Kf6 45. Kxh3 Nd6 46. Kg3 Bb3 47. h4 Kg7 48. h5 Bxd5 49. g5 Be6 50. Kf3 Bf7 51. Kg4 Be6+ 52. f5 Bd7 53. Kf4 hxg5+ 54. Kxg5 Ne8 55. h6+ Kf7 56. Bc4+ Kf8 57. Kg6 Nd6 58. Be6 Be8+ 59. Kf6 Ne4+ 60. Ke5 Ng5 61. Kf6 Nh7+ 62. Ke5 Ke7 63. Bg8 Nf6 64.
h7 Nxh7 65. Bxh7 Kf8 66. Kf6 Bd7 67. Bg6 Bxf5 1/2-1/2

[Event "*** Titled Tuesday Blitz"]
[Site "Chess.com"]
[Date "2019.08.06"]
[Round "1"]
[White "daro94"]
[Black "rekosheten"]
[Result "1-0"]
[WhiteElo "2707"]
[BlackElo "2358"]
[TimeControl "180+2"]
[EndTime "13:10:14 PDT"]
[Termination "daro94 won on time"]

1. c4 e5 2. g3 c6 3. d4 Bb4+ 4.
Bd2 Bxd2+ 5. Qxd2 d6 6. Nc3 Nf6 7. Bg2 O-O 8. e4 Re8 9. Nge2 Na6 10. O-O Be6 11. b3 Qc8 12. Rfe1 Bh3 13. Bh1 Qc7 14.
Rad1 Rad8 15. Qe3 Ng4 16. Qg5 Nf6 17. d5 Qb6 18. Na4 Qa5 19. Qd2 Qxd2 20. Rxd2 cxd5 21. exd5 b6 22. Nec3 Bd7 23. Nb2 Rc8 24. Nd3 Nc5 25. Nb4 e4 26. Rde2 a5 27. Nc6 Bxc6 28. dxc6 Rxc6 29.
Bxe4 Ncxe4 30. Nxe4 Nxe4 31. Rxe4 Rxe4 32. Rxe4 Kf8 33.
Kg2 h5 34. Kf3 f6 35. Ke3 Rc5 36. Kd4 Kf7 37. f4 g6 38. Re2 g5 39. Rf2 Rf5 40. Ke4 Ke6 41. Rd2 gxf4 42. gxf4 Rc5 43. Rg2 b5 44. cxb5 Rxb5 45. Rg8 a4 46. f5+ Kf7 47. Rg3 Rb4+ 48. Kd5 Rf4 49. Kxd6 axb3 50. axb3 Rxf5 51. b4 Rb5 52. Rb3 f5 53. Kc6 Rb8 54. b5 Ke6 55. Kc7 Rh8 56. b6 f4 57. Rb5 f3 58. b7 h4 59. Rb3 Rh7+ 60. Kc6 1-0

[Event "*** Titled Tuesday Blitz"]
[Site "Chess.com"]
[Date "2019.08.06"]
[Round "1"]
[White "eCztery"]
[Black "AminMolaei"]
[Result "1/2-1/2"]
[WhiteElo "2099"]
[BlackElo "2536"]
[TimeControl "180+2"]
[EndTime "13:10:17 PDT"]
[Termination "Game drawn by repetition"]

1. e4 c5 2. Nf3 Nc6 3. Bb5 g6 4.
Bxc6 dxc6 5. O-O Bg7 6. d3 Nf6 7. Nc3 O-O 8. Be3 b6 9. h3 Ne8 10. Nh2 e5 11. Kh1 f5 12. f4 Nd6 13. fxe5 Bxe5 14. Nf3 Bg7 15. Bg5 Qe8 16. e5 Nf7 17. Bf4 Be6 18. Re1 Qe7 19. Qd2 h6 20. a4 a5 21. Bg3 Rad8 22. Qf2 g5 23. Re2 Nh8 24.
Rae1 Ng6 25. d4 Bc4 26. Rd2 f4 27. Bh2 h5 28. dxc5 g4 29. Rxd8 Rxd8 30. Nd2 g3 31.
Bxg3 fxg3 32. Qxg3 Rxd2 33. Qxg6 Bf7 34. Qxc6 Qxc5 35.
Qxc5 bxc5 36. e6 Be8 37. Ne4 Rxc2 38. Nd6 Bc6 39. e7 Bxg2+ 40. Kh2 Bc6+ 41. Kg3 Rg2+ 42. Kf4 Bh6+ 43. Kf5 Bd7+ 44. Ke4 Rg6 45. Kd5 Rg5+ 46. Kc4 Bg7 47. e8=Q+ Bxe8 48. Rxe8+ Kh7 49. Re7 Kg6 50. Ne4 Rg2 51. b3 Rc2+ 52. Kb5 Bd4 53. Rc7 Rb2 54. Nxc5 Bxc5 55. Rxc5 Rxb3+ 56. Kxa5 Rxh3 57. Kb6 Rb3+ 58. Rb5 Rxb5+ 59. axb5 h4 60. Ka7 h3 61. b6 h2 62. b7 h1=Q 63. b8=Q Qa1+ 64. Kb7 Qb2+ 65.
Ka8 Qa3+ 66. Qa7 Qf8+ 67. Qb8 Qa3+ 68. Qa7 Qf3+ 69. Qb7 Qf8+ 70. Qb8 Qa3+ 1/2-1/2

[Event "*** Titled Tuesday Blitz"]
[Site "Chess.com"]
[Date "2019.08.06"]
[Round "1"]
[White "ChainsOfFantasia"]
[Black "Fandorine"]
[Result "0-1"]
[WhiteElo "2440"]
[BlackElo "2879"]
[TimeControl "180+2"]
[EndTime "13:10:18 PDT"]
[Termination "Fandorine won by resignation"]

1. d4 Nf6 2. c4 g6 3. Nc3 Bg7 4. Nf3 d6 5. g3 O-O 6. Bg2 Nc6 7. O-O a6 8. Bf4 Rb8 9. Rc1 h6 10. Qd2 g5 11. Be3 Ng4 12. d5 Nxe3 13. Qxe3 Na5 14. b3 c5 15. dxc6 bxc6 16. Rfd1 c5 17. h4 g4 18. Ne1 Bd7 19. Nd3 Nc6 20. Nf4 Ne5 21. Nh5 a5 22. Ne4 f6 23. Nc3 Qe8 24. Nf4 f5 25. Bd5+ Kh7 26. Ne6 Bxe6 27. Bxe6 Qg6 28.
Bd5 h5 29. Qg5 Qxg5 30. hxg5 Kg6 31. f4 gxf3 32. exf3 f4 33. Kg2 Kxg5 34. gxf4+ Rxf4 35. Ne2 Rbf8 36. Nxf4 Rxf4 37. Kf2 Kh6 38. Ke2 Rf8 39. Rh1 Ng6 40. Be4 Nf4+ 41. Kd2 Bd4 42. Rce1 Rg8 43. Rh2 Rb8 44. Bf5 e5 45. Bg4 Kg5 46. Bd7 Rh8 47. Reh1 Kf6 48. Bg4 Kg5 49. Bd7 h4 50. Bg4 e4 51.
Re1 e3+ 52. Kc2 e2 53. Kd2 Re8 54. Bd7 Re7 55. Bc6 Be3+ 56. Kc2 h3 57. Be4 Kh4 58.
Rhxe2 Nxe2 59. Rxe2 Bf4 60. Kd3 h2 61. Re1 Rg7 62.
Bf5 Rg1 0-1

[Event "*** Titled Tuesday Blitz"]
[Site "Chess.com"]
[Date "2019.08.06"]
[Round "1"]
[White "Ceejay271"]
[Black "nikitakhoroshev"]
[Result "1/2-1/2"]
[WhiteElo "2250"]
[BlackElo "2609"]
[TimeControl "180+2"]
[EndTime "13:10:34 PDT"]
[Termination "Game drawn by repetition"]

1. Nf3 Nf6 2. g3 g6 3. b3 Bg7 4. Bb2 O-O 5. Bg2 d6 6. O-O Nbd7 7. d4 h6 8. c4 Nh7 9. e4 e6 10. Nc3 g5 11. Ne1 f5 12. exf5 exf5 13. f4 g4 14. Nc2 h5 15. Qd2 h4 16. Rae1 Ndf6 17. d5 Nh5 18.
Re3 Qf6 19. Nd1 Qh6 20. Bxg7 Nxg7 21. Rfe1 Nf6 22. Nf2 Bd7 23. Nd4 hxg3 24. hxg3 Ngh5 25. Ne6 Rf7 26. Ng5 Rg7 27. Nh1 Re8 28. Rxe8+ Nxe8 29. Re2 Nhf6 30. Qe1 Kf8 31. Bf1 c6 32. Rh2 Qg6 33.
Rh8+ Rg8 34. Rxg8+ Qxg8 35. dxc6 bxc6 36. Nf2 Qg7 37. Qe3 c5 38. Ne6+ Bxe6 39. Qxe6 Qd7 40. Qxd7 Nxd7 41. Bg2 Ke7 42. Nd1 Ng7 43. Ne3 Nb6 44.
Kf2 Ke6 45. Ke2 a6 46. Nd5 Nxd5 47. Bxd5+ Ke7 48. Ke3 a5 49. Bg2 Ne6 50. Bf1 Nd4 51. Bd3 Ke6 52. Bb1 Nc6 53. Bd3 Kf6 54. Bb1 Nd4 55. Bd3 Ke6 56. Bb1 d5 57. Bd3 dxc4 58.
Bxc4+ Kd6 59. Bd3 Kd5 60. Bc4+ Kd6 61. Bd3 Ke6 62. Bc4+ Kf6 63. Bd3 Nc6 64. Bc4 Nb4 65.
a4 Nc2+ 66. Kd3 Nb4+ 67. Ke3 Nc6 68. Bd5 Nd4 69. Bc4 Nc6 70. Bd5 Nb4 71. Bc4 1/2-1/2

[Event "*** Titled Tuesday Blitz"]
[Site "Chess.com"]
[Date "2019.08.06"]
[Round "1"]
[White "chickencrossroad"]
[Black "Jospem"]
[Result "1-0"]
[WhiteElo "2501"]
[BlackElo "2909"]
[TimeControl "180+2"]
[EndTime "13:10:36 PDT"]
[Termination "chickencrossroad won by resignation"]

1. d4 Nf6 2. c4 e6 3. Nf3 b6 4. g3 Ba6 5. b3 Bb4+ 6. Bd2 Be7 7. Bg2 c6 8. O-O d5 9. Ne5 Nfd7 10.
Nxd7 Nxd7 11. Qc2 O-O 12. Nc3 Rc8 13. e4 dxc4 14. Rfe1 Nf6 15. e5 Nd5 16. Ne4 c3 17. Bxc3 c5 18. dxc5 Bxc5 19. Rad1 Bb4 20. Qb2 Qe7 21.
Bxb4 Nxb4 22. Nf6+ gxf6 23. exf6 Qc5 24. Qd2 Qh5 25.
Qxb4 Rc5 26. Qd4 h6 27. Qf4 Bb5 28. a4 Bc6 29. Bxc6 Rxc6 30. Rd7 a6 31. Re5 Qg6 32.
h4 Kh7 33. h5 Qb1+ 34. Kg2 Rc1 35. Qe4+ Qxe4+ 36. Rxe4 Rc5 37. Rb4 b5 38. axb5 axb5 39. g4 Rg5 40. Rb7 Rd5 41. R7xb5 Rd2 42. Rb7 Rd3 43. Re7 Kg8 44. Rbb7 Rd4 45. Kg3 Rd3+ 46. f3 Rd1 47. b4 Rg1+ 48. Kf2 Rb1 49. b5 Rb2+ 50. Kg3 Rb3 51. b6 Rb5 52. Kh4 Rb3 53. f4 Rb4 54. Kg3 Rb3+ 55. Kf2 Rb4 56. Ke3 Rb3+ 57.
Kd4 Rb4+ 58. Ke5 Rb5+ 59. Kd6 Rb4 60. g5 Rxf4 61. g6 Rxf6 62. Rxf7 R6xf7 63. Rxf7 Re8 64. b7 e5 65. Rc7 Rd8+ 66. Kxe5 Re8+ 67. Kd6 Rd8+ 68.
Kc6 Re8 69. Rc8 Kg7 70. Rxe8 1-0

[Event "*** Titled Tuesday Blitz"]
[Site "Chess.com"]
[Date "2019.08.06"]
[Round "1"]
[White "imdvb6307"]
[Black "KazakhFighter04"]
[Result "0-1"]
[WhiteElo "2377"]
[BlackElo "2727"]
[TimeControl "180+2"]
[EndTime "13:10:38 PDT"]
[Termination "KazakhFighter04 won on time"]

1. c4 e5 2. Nc3 Nf6 3. Nf3 Nc6 4.
e3 d5 5. cxd5 Nxd5 6. Bb5 Nxc3 7.
bxc3 Bd6 8. e4 O-O 9. O-O Bd7 10. d3 a6 11. Ba4 Qe7 12. Bg5 f6 13. Bb3+ Be6 14. Bxe6+ Qxe6 15. Be3 Na5 16. Qa4 b6 17. Nd2 Qe8 18. Qxe8 Rfxe8 19. Nb3 Nc6 20. f3 Rad8 21. g4 a5 22. Rad1 Bf8 23. Rf2 Rd7 24. Rfd2 Red8 25. Kf1 a4 26. Na1 Na5 27. Nc2 c5 28. c4 Rb8 29.
Rb1 Rdb7 30. Na3 Nc6 31. Nb5 Nd4 32. Kg2 g6 33. Rdb2 Be7 34. Nxd4 cxd4 35. Bd2 Kf7 36. Rb5 Ke6 37. Bb4 Bd8 38. Ba3 Kd7 39. Rd5+ Kc6 40. Rdb5 Ra8 41. c5 Rab8 42. cxb6 Rxb6 43. Rxb6+ Bxb6 44.
Kf1 h5 45. h3 hxg4 46. hxg4 Rh8 47. Kg2 Ba5 48. Be7 Bd2 49. Bxf6 Re8 50. Bh4 a3 51. Rb3 Ra8 52. Bg3 Ra5 53. Kf1 Bc1 54. Ke2 Rc5 55.
Kd1 Bb2 56. Rb4 Rc1+ 57. Ke2 Ra1 58. Bxe5 Rxa2 59. Ra4 Bc3+ 60. Kf1 Kb5 61. Ra8 Kb4 62. Bd6+ Kb3 63. e5 Ra1+ 64. Kg2 a2 65. Rb8+ Kc2 66. Ra8 Kb3 67. Rb8+ Kc2 68. Ra8 Kxd3 69. e6 Re1 70. e7 a1=Q 71. e8=Q Rxe8 72. Rxe8 Qa2+ 73. Kh3 Qd5 0-1

[Event "*** Titled Tuesday Blitz"]
[Site "Chess.com"]
[Date "2019.08.06"]
[Round "1"]
[White "mitrabhaa"]
[Black "Jahonas"]
[Result "1-0"]
[WhiteElo "2691"]
[BlackElo "2346"]
[TimeControl "180+2"]
[EndTime "13:10:38 PDT"]
[Termination "mitrabhaa won by resignation"]

1. d4 Nf6 2. Nf3 d5 3. c4 c6 4. Nbd2 g6 5. e3 Bg7 6. b4 O-O 7. Bb2 a5 8. b5 a4 9. Ba3 c5 10.
Bxc5 Ne4 11. Ba3 dxc4 12. Bxc4 Nd6 13. Be2 Bf5 14. O-O Nd7 15. Rc1 Nb6 16. Ne5 Nd5 17. Rc5 Be6 18. Bf3 Nc7 19. Bxb7 Nxb7 20. Rc1 Nxb5 21. Nc6 Qd7 22. Nxe7+ Kh8 23. Bb4 Rfe8 24. Nf3 Rxe7 25. Bxe7 Qxe7 26. Qe2 N5d6 27. e4 Bg4 28. e5 Nf5 29. Rfd1 Rd8 30. Rc4 Na5 31. Rxa4 Nc6 32. d5 Bxf3 33. gxf3 Nxe5 34. f4 Qh4 35. Re4 Qg4+ 36. Qxg4 Nxg4 37. a4 Nf6 38. Re5 Nd7 39. Re2 Ra8 40. Ra2 Ra5 41. Rc2 Rxa4 42. Rc7 Nf8 43. Rxf7 Rxf4 44. d6 Kg8 45. d7 Nxd7 46.
Rfxd7 Rg4+ 47. Kf1 h5 48. Rb7 Kh7 49. h3 Rf4 50. Kg2 h4 51. Rdd7 Kh6 52. Rb6 Rxf2+ 53. Kxf2 Bd4+ 54. Rxd4 Nxd4 55. Ke3 Nf5+ 56. Kf4 Kh5 57. Rb8 Nh6 58. Rb5+ Nf5 59. Rc5 Kh6 60. Kg4 Ne3+ 61. Kxh4 Nf5+ 62. Kg4 Ne3+ 63. Kf3 Nf5 64. Ra5 Kg5 65. Ra1 Kh4 66. Kg2 Kg5 67. Ra4 Nh4+ 68.
Kg3 Nf5+ 69. Kf3 Nh4+ 70. Ke4 Nf5 71. Ke5 Nh4 72. Rg4+ Kh5 73. Kf6 Nf3 74. Rg3 Nh4 75. Rg4 Nf3 76. Rxg6 1-0

[Event "*** Titled Tuesday Blitz"]
[Site "Chess.com"]
[Date "2019.08.06"]
[Round "1"]
[White "BlitzWizard04"]
[Black "resha1988"]
[Result "1/2-1/2"]
[WhiteElo "2447"]
[BlackElo "2776"]
[TimeControl "180+2"]
[EndTime "13:10:40 PDT"]
[Termination "Game drawn - insufficient material"]

1. d4 Nf6 2. c4 c6 3. Nf3 d5 4. e3 Bf5 5. Nc3 e6 6. Nh4 Be4 7. f3 Bg6 8. Qb3 Qc7 9. Bd2 Bd6 10.
g3 Nbd7 11. Rc1 Qb6 12. Qxb6 axb6 13. Nxg6 hxg6 14. Kf2 dxc4 15. Bxc4 b5 16. Bb3 Nb6 17. Ne2 O-O 18. g4 e5 19. h4 Rfe8 20. h5 gxh5 21. g5 Nfd5 22. e4 Ne7 23. Rxh5 Nc4 24. Bxc4 bxc4 25.
Rxc4 Rxa2 26. Bc3 b5 27. dxe5 Bxe5 28. Rb4 Ng6 29. Rh1 Bd6 30. Rb3 Bc5+ 31. Bd4 Be7 32. Rc1 Ra6 33. f4 Ra4 34. f5 Nf4 35. Nxf4 Rxd4 36. g6 Bg5 37. gxf7+ Kxf7 38. Ne6 Bh4+ 39. Kf3 Rd6 40. Rbc3 Rc8 41. b4 Bf6 42. Rc5 Rd3+ 43. Ke2 Rb3 44. Rxc6 Rxc6 45. Rxc6 Rxb4 46. Rc7+ Kg8 47.
Nf4 Rxe4+ 48. Kf3 Rc4 49. Rb7 Rc3+ 50. Ke4 Rc4+ 51. Kf3 b4 52. Ng6 Rc3+ 53. Kg4 Rc4+ 54. Kh5 Rc8 55. Rxb4 Kf7 56. Rb7+ Ke8 57. Ra7 Rc4 58.
Ra8+ Kd7 59. Nf8+ Kd6 60. Ne6 Rh4+ 61. Kg6 Rg4+ 62. Kf7 Ke5 63. Ra5+ Ke4 64. Ra4+ Kxf5 65.
Rxg4 Kxg4 66. Nxg7 1/2-1/2

[Event "*** Titled Tuesday Blitz"]
[Site "Chess.com"]
[Date "2019.08.06"]
[Round "1"]
[White "pr1105"]
[Black "Karacsonyi_Gellert"]
[Result "1/2-1/2"]
[WhiteElo "2098"]
[BlackElo "2541"]
[TimeControl "180+2"]
[EndTime "13:10:41 PDT"]
[Termination "Game drawn - insufficient material"]

1. e4 c5 2. Nf3 Nc6 3. b3 e5 4.
Bb5 d6 5. O-O g6 6. c3 Bg7 7. h3 Ne7 8. d4 exd4 9. cxd4 O-O 10. Bb2 a6 11. Be2 Be6 12. Qd2 cxd4 13. Nxd4 Nxd4 14.
Bxd4 Bxd4 15. Qxd4 d5 16. exd5 Qxd5 17. Qxd5 Bxd5 18. Nc3 Bc6 19. Rfd1 Rfd8 20. Kf1 Kg7 21. Bc4 b5 22. Be2 b4 23. Na4 Bxa4 24. bxa4 a5 25. Bf3 Rac8 26. Rxd8 Rxd8 27. Ke2 Nf5 28. Rc1 Nd4+ 29.
Ke3 Nf5+ 30. Ke2 Nd4+ 31. Ke3 Nxf3 32. gxf3 Rd5 33. Ke4 Rh5 34. Rc7 Rxh3 35. Ra7 Rh5 36. Kf4 Rf5+ 37. Ke4 h5 38. f4 h4 39. Kf3 Rh5 40.
Kg2 Kf6 41. Kh3 Rf5 42. Kxh4 Rxf4+ 43. Kg3 Rf5 44. f4 Rc5 45. Kf3 Ke6 46. Ke4 Rc4+ 47. Ke3 Rc3+ 48. Ke4 Ra3 49. Ra6+ Ke7 50. Rxa5 Rxa2 51.
Ra7+ Kf6 52. Ra6+ Kg7 53. a5 b3 54. Rb6 Ra4+ 55. Ke3 Ra3 56. a6 b2+ 57. Ke4 f5+ 58.
Ke5 Rxa6 59. Rb7+ Kh6 60. Rxb2 Ra4 61. Kf6 Ra6+ 62. Kf7 Kh5 63. Rg2 Kh4 64. Rg1 Kh3 65. Rg5 Rb6 66. Kg7 Kh4 67. Kf7 Ra6 68. Kg7 Rd6 69.
Kf7 Kh3 70. Kg7 Rd4 71. Kxg6 Rxf4 72. Rxf5 Rxf5 73. Kxf5 1/2-1/2

[Event "*** Titled Tuesday Blitz"]
[Site "Chess.com"]
[Date "2019.08.06"]
[Round "1"]
[White "Th3ChessViking"]
[Black "krzyzan94"]
[Result "1/2-1/2"]
[WhiteElo "2401"]
[BlackElo "2762"]
[TimeControl "180+2"]
[EndTime "13:10:49 PDT"]
[Termination "Game drawn - insufficient material"]

1. c4 d6 2. g3 h5 3. Nf3 e5 4. Nc3 Be6 5. d3 c6 6. Rb1 Be7 7.
h4 Nh6 8. b4 Qd7 9. b5 f6 10.
a4 d5 11. bxc6 bxc6 12. cxd5 cxd5 13. Bg2 Nc6 14. O-O O-O 15. Bxh6 gxh6 16. d4 e4 17. Ne1 Rac8 18. Qd2 Kg7 19. Nc2 f5 20. e3 Na5 21. Rfc1 Nc4 22. Qe2 Bf7 23. Bh3 Rb8 24. Ne1 Ba3 25. Rxb8 Rxb8 26. Rb1 Rxb1 27. Nxb1 Bb4 28.
Ng2 Qxa4 29. Bxf5 Qb3 30. Qf1 a5 31. Nf4 a4 32. Be6 Bxe6 33. Nxe6+ Kf7 34. Nf4 Nd6 35. Kg2 a3 36. Nxa3 Qxa3 37. Nxd5 Qb3 38. Nf4 Qa2 39. Qd1 Qa5 40. Nxh5 Be1 41. Nf4 Qd2 42. Qh5+ Ke7 43.
Qe5+ Kd7 44. Qe6+ Kc6 45. Qd5+ Kd7 46. Nh3 Qe2 47. Qe5 Qf3+ 48. Kg1 Qf5 49. Qg7+ Kc6 50. Nf4 h5 51. Qh6 Qg4 52. Qxh5 Qxh5 53. Nxh5 Kd5 54.
Nf6+ Ke6 55. Ng4 Kf5 56. Ne5 Bb4 57. g4+ Kf6 58. Kg2 Ne8 59. f3 exf3+ 60. Kxf3 Be1 61. g5+ Ke6 62. Kg4 Bf2 63. Nc4 Kd5 64. Nb6+ Ke4 65. h5 Bxe3 66. Nd7 Bxd4 67. h6 Kd5 68. Nf6+ Nxf6+ 69. gxf6 Ke6 70. h7 Bxf6 71. h8=Q Bxh8 1/2-1/2